 Dungeon Crawl Stone Soup version 0.18-a0-1683-gf9322e6 (webtiles) character file.

162116 namelastname112 the Fencer (level 17, -2/154 HPs)
             Began as a Yellow Draconian Berserker on Apr 3, 2016.
             Was a High Priest of Trog.
             Slain by a great orb of eyes (6 damage)
             ... on level 3 of the Depths.
             The game lasted 00:52:03 (27821 turns).

namelastname112 the Fencer (DrBe)                  Turns: 27821, Time: 00:52:04

Health: -2/154     AC: 19    Str: 27    XL:     17   Next: 21%
Magic:  16/16      EV: 27    Int: 11    God:    Trog [*****.]
Gold:   1569       SH: 10    Dex: 17    Spells: 0 memorised, 16 levels left

rFire  + . .     SeeInvis .     Y - +8 double sword (holy)
rCold  . . .     Gourm    .     (armour unavailable)
rNeg   . . .     Faith    .     h - +2 buckler {AC+3}
rPois  +         Spirit   .     (helmet restricted)
rElec  .         Dismiss  .     A - +2 cloak {MR+}
rCorr  +         Reflect  .     Q - +1 pair of gloves "Fugiozism" {Str+6 Int+4}
SustAt .         Harm     .     K - +1 pair of boots
MR     ++...                    i - amulet of regeneration
Stlth  +++.......               a - ring of Lady Luck {*Contam rPois rF+ MP-9 Stlth+}
                                E - +5 ring of evasion

@: lethally poisoned (-2 -> -62), exhausted, slowed, very slow, very resistant
to hostile enchantments, fairly stealthy
A: spit acid, acid resistance, unfitting armour, acidic bite, cold-blooded, AC
+9
a: Spit Acid, Berserk, Trog's Hand, Brothers in Arms, Burn Spellbooks, Renounce
Religion


You were on level 3 of the Depths.
You worshipped Trog.
Trog was extremely pleased with you.
You were very hungry.

You visited 2 branches of the dungeon, and saw 18 of its levels.
You also visited: Labyrinth.

You collected 2587 gold pieces.
You spent 1018 gold pieces at shops.

Inventory:

Hand Weapons
 r - the +13 long sword "Killer Bee's Foe" {vamp, rF+ Dex+3 Stlth-}
   (Trog gifted it to you on level 10 of the Dungeon)

   It inflicts no extra harm, but heals its wielder somewhat when it strikes a
   living foe.
   It affects your dexterity (+3).
   It protects you from fire.
   It makes you less stealthy.
 Y - a +8 double sword of holy wrath (weapon)
Armour
 h - a +2 buckler of protection (worn)
 A - a +2 cloak of magic resistance (worn)
 K - a +1 pair of boots (worn)
 Q - the +1 pair of gloves "Fugiozism" (worn) {Str+6 Int+4}
   (You acquired it on level 15 of the Dungeon)

   It affects your strength (+6).
   It affects your intelligence (+4).
Rods
 S - a +7 rod of shadows (13/13)
   (You found it in a labyrinth)
Jewellery
 a - the ring of Lady Luck (right hand) {*Contam rPois rF+ MP-9 Stlth+}
   (You bought it in a shop on level 5 of the Dungeon)

   [ring of protection from fire]

   It protects you from fire.
   It protects you from poison.
   It affects your magic capacity (-9).
   It causes magical contamination when unequipped.
   It makes you more stealthy.
 i - an amulet of regeneration (around neck)
 E - a +5 ring of evasion (left hand)
 O - an uncursed ring of positive energy
Wands
 t - a wand of iceblast (6/15)
 H - a wand of acid (7/15)
 R - a wand of iceblast (8/15)
 V - a wand of acid (6/15)
Scrolls
 d - a scroll of magic mapping
 f - 2 scrolls of blinking
 k - 6 scrolls of teleportation
 l - 3 scrolls of recharging
 q - 11 scrolls of remove curse
 C - 2 scrolls of fog
 D - 6 scrolls of enchant armour
 Z - a scroll of holy word
Potions
 g - 3 potions of agility
 j - 2 potions of cancellation {unknown}
 m - 4 potions of might
 o - 6 potions of curing
 p - 4 potions of berserk rage
 s - 7 potions of haste
 u - a potion of cure mutation
 v - a potion of heal wounds
 w - a potion of invisibility
 F - a potion of flight
 G - a potion of magic
 J - 3 potions of brilliance
 N - a potion of ambrosia
 P - 2 potions of resistance
Miscellaneous
 L - a phial of floods
 T - a phantom mirror
 U - a box of beasts
 W - a stone of tremors
 X - a box of beasts {used: 8}
Comestibles
 b - 13 bread rations
 c - 28 fruits
 n - 8 chunks of flesh


   Skills:
 + Level 14.7 Fighting
 + Level 18.3 Long Blades
 + Level 12.6 Dodging
 + Level 13.0 Shields
 + Level 10.7 Evocations


You had 16 spell levels left.
You didn't know any spells.

Dungeon Overview and Level Annotations

Branches:
Dungeon (15/15)            Temple (0/1) D:5            Lair (0/8) D:8
    Orc (0/2) D:9          Vaults (0/5) D:14         Depths (3/5) D:15

Altars:
Ashenzari
Cheibriados
Gozag
Nemelex Xobeh
The Shining One

Shops:
D:4 [   D:5 }*:=   D:12 =   D:13 [   D:14 *   Depths:2 [   Depths:3 *

Portals:
Hell: Depths:1 Depths:2
Pandemonium: Depths:1
Ziggurat: Depths:2

Annotations:
D:13 exclusion: ice statue
Depths:2 exclusions: eye of devastation, giant eyeball, great orb of eyes, shining eye and 5 more exclusions


Innate Abilities, Weirdness & Mutations

You can spit globs of acid.
You are resistant to acid.
Your golden yellow scales are hard (AC +9).
Your body does not fit into most forms of armour.
You have acidic saliva.
You are cold-blooded and may be slowed by cold attacks.


Message History

As you read the scroll of fear, it crumbles to dust.
You assume a fearsome visage.
The green very ugly thing easily resists.
The orc sorcerer looks frightened!
The orc knight looks frightened!
The brown ugly thing looks frightened!
The snapping turtle looks frightened!
The orc sorcerer gestures wildly while chanting.
You block the green very ugly thing's attack.
The brown ugly thing basks in the mutagenic energy from its kin and changes!
Read which item? (? for menu, Esc to quit)
Okay, then.
Drink which item? (? for menu, Esc to quit)
Okay, then.
Your deep troll goes berserk!
You feel somewhat more hungry. The green very ugly thing gores you.
* * * LOW HITPOINT WARNING * * *
The great orb of eyes misses you. The green very ugly thing gores you!
* * * LOW HITPOINT WARNING * * *
You are lethally poisoned!
The green very ugly thing poisons you! The great orb of eyes bites you.
You die...

≈.... #.#.≈≈≈((G≈≈≈≈≈≈≈ ≈....
#.#.≈≈≈≈≈≈≈≈≈≈≈≈≈ .≈≈.≈
#.#.≈≈≈≈≈u≈≈≈≈≈≈≈
.≈≈≈.#########.#.≈≈≈≈≈≈≈≈≈≈≈≈≈
..≈≈≈......t....o..4.uoo......
.........R...o................
........<......T.##........>..
#....#...##(((.Gu###.......###
###.##..###.##(#@u# ## ####
#########


You could see a green very ugly thing, an orc knight (fleeing), a great orb of
eyes, a green ugly thing (fleeing), a rakshasa, a snapping turtle shaped shifter
(fleeing), an orc sorcerer (fleeing) and a friendly deep troll (berserk).

Vanquished Creatures
  A tentacled monstrosity (Depths:2)
  2 sphinxes
  Agnes (D:14)
  A tengu reaver (Depths:2)
  Roxanne (D:14)
  5 fire giants
  3 frost giants (Depths:2)
  An iron dragon (Depths:2)
  2 orc warlords (Depths:3)
  A spriggan defender (Depths:2)
  13 stone giants
  14 very ugly things
  2 vampire knights (Depths:2)
  3 fire dragons
  8 ettins
  A minotaur (Lab)
  A jiangshi (Depths:3)
  2 yaktaur captains
  3 vault guards (D:14)
  6 ice dragons
  A rakshasa (Depths:1)
  An entropy weaver (Depths:2)
  2 great orbs of eyes
  2 centaur warriors (Depths:3)
  The ghost of namelastname112 the Carver, a novice DrBe of Trog (D:8)
  2 ogre magi (Depths:1)
  6 deep troll shamans
  2 vampire magi
  6 tengu warriors
  An orc high priest (Depths:3)
  5 hell knights
  Sonja (D:13)
  2 iron trolls
  5 flayed ghosts
  14 deep trolls
  An unseen horror (shapeshifter) (D:13)
  2 giant orange brains (Depths:2)
  3 wizards
  5 necromancers
  2 phantasmal warriors (Depths:2)
  Pikel (D:4)
  5 hill giants
  3 deep elf magi (D:15)
  21 ugly things
  2 griffons (D:15)
  A wolf spider zombie (D:14)
  An orc sorcerer (Depths:3)
  3 cyclopes
  3 manticores
  An elephant (shapeshifter) (Depths:2)
  7 centaur zombies
  Maurice (D:9)
  A naga mage (D:15)
  A gargoyle (D:13)
  An octopode (shapeshifter) (Depths:2)
  An efreet (D:14)
  3 tengu conjurers
  10 yaktaurs
  2 kobold demonologists (D:13)
  2 minotaur zombies (Lab)
  10 trolls
  A polar bear (D:13)
  4 two-headed ogres
  A two-headed ogre (shapeshifter) (Depths:2)
  11 slime creatures
  A harpy skeleton (D:12)
  Sigmund (D:4)
  2 shadows
  2 wyverns
  A centaur simulacrum (D:15)
  A vampire (D:10)
  18 humans (D:14)
  A wraith (D:14)
  11 yaks
  A water elemental (Depths:2)
  A spriggan (shapeshifter) (Depths:1)
  2 hogs (D:12)
  5 hippogriffs
  3 hungry ghosts
  A basilisk (D:14)
  Menkaure (D:5)
  Edmund (D:6)
  2 soldier ants
  2 wargs (D:7)
  A swamp worm (shapeshifter) (Depths:2)
  An ice beast (shapeshifter) (D:14)
  11 ice beasts
  10 orc warriors
  A slave (D:4)
  4 sky beasts
  A black bear (shapeshifter) (Depths:2)
  2 phantoms
  2 necrophages (D:6)
  13 ogres
  10 centaurs
  4 boggarts (Depths:2)
  A centaur (shapeshifter) (Depths:2)
  A crocodile (D:13)
  7 big kobolds
  10 giant frogs
  3 scorpions
  2 wyvern skeletons
  12 wights
  9 killer bees
  A howler monkey (D:14)
  5 crimson imps
  2 giant frog zombies
  4 quasits
  3 jellies
  3 giant frog skeletons
  9 hounds
  A jelly (shapeshifter) (Depths:2)
  12 orc priests
  3 centaur skeletons
  19 orc wizards
  3 iguanas
  9 worker ants
  A hound skeleton (D:10)
  Robin (D:4)
  6 gnolls
  4 adders
  2 shadow imps
  3 white imps
  2 oozes
  An adder zombie (D:6)
  3 worms
  4 dart slugs (D:1)
  6 giant geckos
  54 orcs
  5 giant cockroaches
  19 goblins
  12 hobgoblins
  11 jackals
  59 kobolds
  6 quokkas
  6 bats
  2 giant newts
  2 quokka skeletons
  7 rats
684 creatures vanquished.

Vanquished Creatures (collateral kills)
  Norris (Depths:1)
  Rupert (D:15)
  Kirke (D:12)
  3 very ugly things
  An ogre mage (D:15)
  A hydra (D:15)
  An orc knight (D:15)
  An ugly thing (Depths:1)
  An orc sorcerer (D:15)
  A salamander (D:15)
  2 centaur skeletons (D:15)
  A freezing wraith (D:13)
  7 yaktaurs (Depths:1)
  A komodo dragon (D:15)
  2 two-headed ogres (D:15)
  A vampire mosquito (D:15)
  2 orc warriors (D:15)
  3 ogres (D:15)
  A giant frog (D:15)
  An orc wizard (D:8)
  A shadow imp (D:15)
34 creatures vanquished.

Vanquished Creatures (others)
  A lich (Depths:2)
  An unseen horror (D:11)
2 creatures vanquished.

Grand Total: 720 creatures vanquished

Notes
Turn   | Place    | Note
--------------------------------------------------------------
     0 | D:1      | namelastname112 the Draconian Berserker began the quest for the Orb.
     0 | D:1      | Reached XP level 1. HP: 19/19 MP: 1/1
    87 | D:1      | Reached XP level 2. HP: 19/26 MP: 2/2
   246 | D:1      | Reached ** piety under Trog
   612 | D:1      | Reached XP level 3. HP: 33/33 MP: 3/3
  2104 | D:3      | Reached XP level 4. HP: 33/40 MP: 4/4
  2159 | D:3      | Reached skill level 4 in Long Blades
  2385 | D:3      | Reached *** piety under Trog
  3035 | D:3      | Reached XP level 5. HP: 29/47 MP: 5/5
  3227 | D:3      | Reached **** piety under Trog
  3352 | D:3      | Reached skill level 5 in Long Blades
  3357 | D:3      | Reached XP level 6. HP: 49/55 MP: 6/6
  3370 | D:3      | Received a gift from Trog
  3534 | D:3      | Reached skill level 5 in Fighting
  3960 | D:4      | Noticed Sigmund
  3979 | D:4      | Killed Sigmund
  3979 | D:4      | Reached skill level 6 in Long Blades
  3979 | D:4      | Your scales start taking on a golden yellow colour.
  3979 | D:4      | Reached XP level 7. HP: 61/61 MP: 7/7
  4037 | D:4      | Noticed Pikel
  4073 | D:4      | Killed Pikel
  4073 | D:4      | Reached skill level 7 in Long Blades
  4073 | D:4      | Reached skill level 5 in Dodging
  4073 | D:4      | Reached XP level 8. HP: 30/70 MP: 8/8
  4602 | D:4      | Noticed Robin
  4616 | D:4      | Killed Robin
  4694 | D:4      | Found Eraj's Armour Shoppe.
  4713 | D:4      | Bought a +0 buckler of protection for 126 gold pieces
  4713 | D:4      | Bought a +1 cloak of magic resistance for 181 gold pieces
  5073 | D:5      | Entered Level 5 of the Dungeon
  5098 | D:5      | Found Luacwuim's Jewellery Emporium.
  5133 | D:5      | Noticed Menkaure
  5144 | D:5      | Killed Menkaure
  5144 | D:5      | Reached skill level 1 in Shields
  5469 | D:5      | Found a staircase to the Ecumenical Temple.
  5554 | D:5      | Found Ikesch's Assorted Antiques.
  5559 | D:5      | Bought 3 scrolls labeled XAKHUCIRYV for 72 gold pieces
  5569 | D:5      | Found Jiegeg's Gadget Shoppe.
  5660 | D:5      | Reached skill level 8 in Long Blades
  5711 | D:5      | Found Gouf's Book Shop.
  6059 | D:6      | Noticed Edmund
  6081 | D:6      | Killed Edmund
  6281 | D:6      | Reached XP level 9. HP: 68/79 MP: 9/9
  6519 | D:6      | Reached skill level 9 in Long Blades
  6602 | D:6      | Found a sparkling altar of Nemelex Xobeh.
  6611 | D:6      | Found a glowing golden altar of the Shining One.
  7693 | D:8      | Noticed namelastname112's ghost (novice DrBe)
  8177 | D:8      | Found an opulent altar of Gozag.
  8219 | D:8      | Found a staircase to the Lair.
  8316 | D:8      | Reached skill level 10 in Long Blades
  8336 | D:8      | Killed namelastname112's ghost
  8336 | D:8      | Reached XP level 10. HP: 88/88 MP: 10/10
  9031 | D:9      | Reached skill level 5 in Shields
  9095 | D:9      | Found a shattered altar of Ashenzari.
  9207 | D:9      | Reached ***** piety under Trog
  9228 | D:9      | Found a staircase to the Orcish Mines.
  9533 | D:9      | Got a pitted falchion
  9534 | D:9      | Identified the +5 falchion of Jumenn {flame, Str+3} (You found it on level 9 of the Dungeon)
  9670 | D:9      | Noticed Maurice
  9693 | D:9      | Killed Maurice
  9770 | D:9      | Reached skill level 11 in Long Blades
 10066 | D:10     | Entered Level 10 of the Dungeon
 10105 | D:10     | Received a gift from Trog
 10123 | D:10     | Got an ichor-stained long sword {god gift}
 10127 | D:10     | Identified the +13 long sword "Killer Bee's Foe" {vamp, rF+ Dex+3 Stlth-} (Trog gifted it to you on level 10 of the Dungeon)
 10373 | D:10     | Reached XP level 11. HP: 97/97 MP: 11/11
 10863 | D:11     | Found a labyrinth entrance.
 10881 | Lab      | Entered a labyrinth
 11130 | Lab      | Noticed a minotaur
 11138 | Lab      | Killed a minotaur
 11141 | Lab      | Identified the Almanac of Excruciating Flames
 11141 | Lab      | Got a transparent silver ring
 11168 | Lab      | Identified the ring "Camyota" {rPois Str-5 Int+2 Stlth+} (You found it in a labyrinth)
 11443 | D:11     | Reached skill level 12 in Long Blades
 11535 | D:11     | Noticed a green ugly thing
 11544 | D:11     | Killed a green ugly thing
 11629 | D:11     | Killed an unseen horror
 11805 | D:11     | Reached skill level 10 in Fighting
 12105 | D:12     | Found Baoskann's Jewellery Emporium.
 12394 | D:12     | Reached skill level 1 in Evocations
 12502 | D:12     | Received a gift from Trog
 12545 | D:12     | Identified a +7 rod of shadows (13/13) (You found it in a labyrinth)
 12560 | D:12     | Noticed Kirke
 12630 | D:12     | Reached XP level 12. HP: 107/107 MP: 13/13
 13020 | D:12     | Killed Kirke
 13020 | D:12     | Reached skill level 13 in Long Blades
 14278 | D:13     | Found Syrhea's Armour Shop.
 14325 | D:13     | Noticed Sonja
 14345 | D:13     | Killed Sonja
 14593 | D:13     | Noticed a tengu warrior
 14609 | D:13     | xeno23: вот охуенно сделали с абиссом
 14610 | D:13     | xeno23: что лестницы появляются
 14616 | D:13     | Killed a tengu warrior
 14891 | D:13     | namelastname112: Это да
 14891 | D:13     | namelastname112: можно просто стоять и месить
 14891 | D:13     | xeno23: The substance of the Abyss twists in disgust, and a gateway leading out appears!
 14993 | D:13     | Received a gift from Trog
 15011 | D:13     | xeno23: Абисс корежится от отвращения и лестница появляется
 15252 | D:13     | xeno23: даблсворд холи
 15264 | D:14     | Noticed Agnes
 15288 | D:14     | xeno23: есть что черебову в сраку уже засунуть
 15309 | D:14     | Killed Agnes
 15309 | D:14     | Reached skill level 14 in Long Blades
 15309 | D:14     | Reached XP level 13. HP: 116/116 MP: 16/16
 15438 | D:14     | namelastname112: дожить бы
 15701 | D:14     | Reached skill level 5 in Evocations
 15854 | D:14     | Found Pauloav's Practical Paraphernalia.
 16263 | D:14     | Noticed Roxanne
 16532 | D:14     | Killed Roxanne
 16534 | D:14     | Identified Roxanne's Tome of Stones (You took it off Roxanne on level 14 of the Dungeon)
 16598 | D:14     | Reached skill level 10 in Dodging
 17071 | D:14     | Found a gate to the Vaults.
 17071 | D:14     | Noticed a vault guard
 17071 | D:14     | Noticed a vault guard
 17071 | D:14     | Noticed a vault guard
 17093 | D:14     | Killed a vault guard
 17102 | D:14     | Killed a vault guard
 17111 | D:14     | Killed a vault guard
 17330 | D:15     | Entered Level 15 of the Dungeon
 17330 | D:15     | Noticed Rupert
 17340 | D:15     | Killed Rupert
 17340 | D:15     | Reached skill level 15 in Long Blades
 17355 | D:15     | Reached skill level 10 in Shields
 17355 | D:15     | Reached ****** piety under Trog
 17433 | D:15     | Gained mutation: You have acidic saliva. [Yellow Draconian growth]
 17433 | D:15     | Reached XP level 14. HP: 94/126 MP: 18/18
 17466 | D:15     | Received a gift from Trog
 17660 | D:15     | Identified a scroll of acquirement
 17661 | D:15     | Got a pair of transparent gloves
 17667 | D:15     | Identified the +1 pair of gloves "Fugiozism" {Str+6 Int+4} (You acquired it on level 15 of the Dungeon)
 17953 | D:15     | Found a staircase to the Depths.
 18404 | D:5      | Bought the ring of Lady Luck {*Contam rPois rF+ MP-9 Stlth+} for 467 gold pieces
 18645 | Depths:1 | Entered Level 1 of the Depths
 18645 | Depths:1 | Noticed a white very ugly thing
 18645 | Depths:1 | Noticed a white very ugly thing
 18645 | Depths:1 | Noticed a white very ugly thing
 18645 | Depths:1 | Noticed a white very ugly thing
 18655 | D:15     | Killed a white very ugly thing
 18979 | D:15     | Killed a green very ugly thing
 19113 | D:15     | Killed a green very ugly thing
 19177 | D:15     | HP: 4/127 [white very ugly thing (47)]
 19189 | D:15     | Killed a white very ugly thing
 19945 | Depths:1 | Noticed a stone giant
 19956 | Depths:1 | Killed a stone giant
 20085 | Depths:1 | Noticed a fire giant
 20097 | Depths:1 | Killed a fire giant
 20288 | Depths:1 | Found a snail-covered altar of Cheibriados.
 20297 | Depths:1 | Noticed Norris
 20299 | Depths:1 | Noticed a green very ugly thing
 20299 | Depths:1 | Noticed a green very ugly thing
 20300 | Depths:1 | Noticed a green very ugly thing
 20300 | Depths:1 | Noticed a green very ugly thing
 20309 | Depths:1 | Killed Norris
 20313 | Depths:1 | Killed a white very ugly thing
 20313 | Depths:1 | Reached skill level 16 in Long Blades
 20323 | Depths:1 | Killed a green very ugly thing
 20335 | Depths:1 | Killed a green very ugly thing
 20341 | Depths:1 | Killed a brown very ugly thing
 20345 | Depths:1 | Reached XP level 15. HP: 102/135 MP: 11/20
 20377 | Depths:1 | Noticed a fire giant
 20401 | Depths:1 | HP: 4/135 [yaktaur/poisoned bolt (23)]
 21012 | Depths:1 | Killed a fire giant
 21122 | Depths:1 | Noticed a sphinx
 21137 | Depths:1 | Killed a sphinx
 21153 | Depths:1 | Received a gift from Trog
 22148 | Depths:1 | Found a gateway to Hell.
 22525 | Depths:1 | Found a one-way gate leading to the halls of Pandemonium.
 22531 | Depths:1 | Received a gift from Trog
 22589 | Depths:2 | Found a gateway to a ziggurat.
 22663 | Depths:2 | Found a one-way gate to the infinite horrors of the Abyss.
 22884 | Depths:2 | Noticed a fire giant
 22885 | Depths:2 | Noticed a tentacled monstrosity
 22885 | Depths:2 | Noticed a sphinx
 22885 | Depths:2 | Noticed a lich
 22911 | Depths:2 | Killed a tentacled monstrosity
 22915 | Depths:2 | Killed a lich
 23006 | Depths:2 | Killed a fire giant
 23006 | Depths:2 | Reached skill level 17 in Long Blades
 23029 | Depths:2 | Killed a sphinx
 23533 | Depths:2 | Reached XP level 16. HP: 138/145 MP: 12/23
 24262 | Depths:2 | Identified Sif Muna's Papyrus of Dislocation and Earth
 25371 | Depths:2 | Reached skill level 10 in Evocations
 25625 | Depths:2 | Reached skill level 18 in Long Blades
 25817 | Depths:2 | Noticed a lich
 25883 | Depths:2 | Noticed a tengu reaver
 25907 | Depths:2 | Killed a tengu reaver
 25995 | Depths:2 | Found Zoagahak's Armour Emporium.
 26884 | Depths:3 | Found Qikikk's Assorted Antiques.
 27295 | Depths:3 | Received a gift from Trog
 27300 | Depths:3 | Reached XP level 17. HP: 154/154 MP: 15/24
 27308 | Depths:3 | xeno23: ну все, пришло время брать орб
 27339 | Depths:2 | namelastname112: всех убил?
 27339 | Depths:2 | xeno23: ну конечно
 27366 | Depths:3 | xeno23: этот тралл вообще дикая машина убивания
 27372 | Depths:3 | xeno23: когти в статуе
 27372 | Depths:3 | Bought a scroll of enchant weapon for 172 gold pieces
 27372 | Depths:3 | xeno23: с такой силой и дексой
 27386 | Depths:3 | namelastname112: надо было к чеи еще
 27401 | Depths:3 | Malog: о, привет
 27411 | Depths:3 | Malog: а ты кто?
 27821 | Depths:3 | HP: 4/154 [green very ugly thing (15)]
 27821 | Depths:3 | Slain by a great orb of eyes

Vault maps used:
D:1:      evilmike_arrival_hilbert_curve, minivault_26, minmay_misc_feat_tower
D:2:      serial_forest, infiniplex_forest_lined_ring,
          infiniplex_forest_straight_4, infiniplex_forest_corner_1,
          infiniplex_forest_end_3, infiniplex_forest_clump_long,
          infiniplex_forest_clump_long, infiniplex_forest_diagonal,
          infiniplex_forest_lined_room_2
D:3:      minmay_goblin_kobold_castle
D:4:      serial_shops, shop_coins, kennysheep_generic_room_15, uniq_robin,
          uniq_sigmund, uniq_pikel
D:5:      minmay_temple_entry_grid, first_bread, serial_shops,
          kennysheep_little_box, shop, shop, nicolae_shop_stone,
          lemuel_another_geyser, uniq_menkaure
D:6:      amethyst_overflow_temple_binary, minmay_misc_feat_roman, uniq_edmund
D:8:      erik_lair_orcish_takeover, basic_altar
D:9:      hiddenorc2_lemuel, basic_altar, blue_anna_alchemist, uniq_maurice
D:11:     lab_entry_generic
D:12:     serial_shops, nicolae_shop_temple_entry_statues_fountains,
          serial_bayou_pond_c, uniq_kirke
D:13:     serial_shops, nicolae_shop_crystal, ice2_lemuel, uniq_sonja
D:14:     grunt_vaults_entry_tiered, nicolae_alphabet_shops, uniq_agnes,
          uniq_roxanne
D:15:     grunt_enter_depths_magical_seal, hangedman_glass_teeth, uniq_rupert
Depths:1: nicolae_wwwww, rand_demon_pan_entry_4, grunt_hell_entry_dis_mu,
          cheibriados_altar_1, serial_bayou_shore_b, uniq_norris
Depths:2: little_maze_vault, enter_ziggurat_d, abyss_entry, serial_shops, shop,
          hell_entry, infiniplex_staircase_zigzag_1
Depths:3: nicolae_whirlpool, grunt_pan_entry_in_and_out, serial_shops,
          nicolae_shop_overgrown_old_shop, hell_entry, ashenzari_altar_1,
          abyss_entry, minmay_orc_keep, infiniplex_staircase_spiral_double
Lab:      labyrinth_hidden_loot

Skill      XL: |  1  2  3  4  5  6  7  8  9 10 11 12 13 14 15 16 17 |
---------------+----------------------------------------------------+-----
Dodging        | 3 4 5 6 7 8 9 10 11 12 | 12.6
Fighting       | 4 5 6 7 8 9 10 11 12 13 14 | 14.7
Long Blades    | 4 5 6 7 8 10 11 12 14 15 16 17 18 | 18.3
Shields        | 2 4 6 7 8 10 11 12 13 | 13.0
Evocations     | 1 4 6 7 9 10 | 10.7

Action                   |  1- 3 |  4- 6 |  7- 9 | 10-12 | 13-15 | 16-18 || total
-------------------------+-------+-------+-------+-------+-------+-------++-------
Melee: Falchion          |    56 |       |       |    96 |       |       ||   152
       Dagger            |    62 |   222 |   444 |   180 |       |       ||   908
       Unarmed           |       |       |    16 |     4 |       |       ||    20
       Long sword        |       |       |       |   291 |       |       ||   291
       Double sword      |       |       |       |   314 |   792 |   449 ||  1555
Invok: Berserk           |       |     4 |     5 |     7 |    18 |    12 ||    46
       Trog's Hand       |       |     1 |       |       |     1 |     4 ||     6
       Brothers in Arms  |       |       |     1 |     2 |     6 |     1 ||    10
       Burn Spellbooks   |       |       |       |     1 |     1 |       ||     2
 Abil: Spit Acid         |       |       |     2 |       |       |     1 ||     3
Evoke: Wand              |       |       |       |     1 |       |       ||     1
       Box of beasts     |       |       |       |       |     1 |     7 ||     8
       Phial of floods   |       |       |       |       |     1 |     2 ||     3
  Use: Scroll            |       |       |    18 |    13 |     8 |     8 ||    47
       Potion            |       |       |     1 |     1 |     3 |     1 ||     6
 Stab: Sleeping          |       |     2 |     8 |     9 |     3 |       ||    22
       Distracted        |       |       |       |       |     1 |     1 ||     2
  Eat: Chunk             |     2 |     4 |    18 |    23 |    21 |    12 ||    80
       Beef jerky        |       |     1 |       |       |     1 |       ||     2
       Meat ration       |       |     1 |       |     2 |     5 |     2 ||    10
       Pizza             |       |       |     1 |     2 |       |     1 ||     4
       Fruit             |       |       |     1 |       |     1 |     4 ||     6
